 Dungeon Crawl Stone Soup version 0.28.0-53-g5a82cb258f (webtiles) character file.

Game seed: 10750002084771520243

2089 Descartes the Protected (level 9, -1/64 HPs)
             Began as a Formicid Fighter on July 29, 2022.
             Succumbed to a gnoll's poison
             ... on level 6 of the Dungeon.
             The game lasted 00:12:15 (5938 turns).

Descartes the Protected (Formicid Fighter)          Turns: 5938, Time: 00:12:15

Health: -1/64      AC: 11    Str: 23    XL:     9   Next: 52%
Magic:  9/9        EV: 12    Int: 10    God:
Gold:   169        SH:  5    Dex: 10    Spells: 8/8 levels left

rFire   . . .      SeeInvis +   B - +8 battleaxe (flame)
rCold   . . .      Faith    .   c - +0 buckler
rNeg    . . .      Spirit   .   i - +0 chain mail
rPois   .          Reflect  .   (helmet unavailable)
rElec   .          Harm     .   (no cloak)
rCorr   .          Rampage  .   (no gloves)
Will    .....                   (no boots)
Stlth   ..........              (no amulet)
HPRegen 0.20/turn               p - +4 ring of evasion
MPRegen 0.11/turn               (no ring)

@: lethally poisoned (-1 -> -20), studying Armour
A: permanent stasis, dig shafts and tunnels, antennae 3, four strong arms
a: Dig, Shaft Self


You were on level 6 of the Dungeon.
You visited 2 branches of the dungeon, and saw 7 of its levels.
You also visited: Sewer.

You collected 169 gold pieces.

Inventory:

Hand Weapons
 h - a +0 hand crossbow
 z - a +2 vampiric scythe
 B - a +8 battleaxe of flaming (weapon)
 E - a +0 hunting sling of flaming
Missiles
 e - 78 arrows
 f - 18 bolts
 g - 5 boomerangs
 l - 201 stones
 o - 17 poisoned darts
 v - 9 sling bullets
Armour
 c - a +0 buckler (worn)
 i - a +0 chain mail (worn)
 A - a +0 robe of the Archmagi
 C - the +1 leather armour "Fun Yzxu" {rN++}
   (You took it off an orc on level 3 of the Dungeon)

   rN:        It greatly protects you from negative energy.
Jewellery
 a - an amulet of reflection
 p - a +4 ring of evasion (left hand)
 y - a ring of poison resistance
Wands
 d - a wand of flame (14)
 G - a wand of acid (5)
Scrolls
 k - 2 scrolls of enchant weapon
 x - a scroll of vulnerability
 F - a scroll of brand weapon
Potions
 b - 2 potions of berserk rage
 j - a potion of brilliance
 m - 2 potions of attraction
 q - 2 potions of heal wounds
 r - a potion of experience {unknown}
 s - a potion of lignification {unknown}
 w - a potion of curing {unknown}
 D - 3 potions of mutation {unknown}
Miscellaneous
 u - a condenser vane


   Skills:
 - Level 3.2 Fighting
 + Level 5.4(6.7) Axes
 - Level 3.9(5.3) Maces & Flails
 - Level 4.0(5.3) Polearms
 + Level 8.6 Armour
 + Level 7.3 Shields
 + Level 4.1 Translocations


You had 8 spell levels left.
You didn't know any spells.
Your spell library contained the following spells:

 Spells                   Type           Power      Damage    Failure   Level
 Gell's Gravitas          Tloc           8%         N/A       83%         3
 Teleport Other           Tloc           8%         N/A       83%         3
 Beastly Appendage        Tmut           0%         N/A       95%         1
 Foxfire                  Conj/Fire      0%         2x1d4     95%         1
 Wereblood                Tmut           0%         N/A       99%         2
 Conjure Flame            Conj/Fire      0%         6-21      100%        3
 Inner Flame              Hex/Fire       0%         N/A       100%        3
 Spider Form              Tmut/Pois      0%         N/A       100%        3
 Flame Wave               Conj/Fire      0%         2d4       100%        4
 Dispersal                Tloc           4%         N/A       100%        6


Dungeon Overview and Level Annotations

Branches:
Dungeon (6/15)             Temple (1/1) D:4           Sewer (visited)

Altars:
Ashenzari
Cheibriados
Dithmenos
Elyvilon
Fedhas
Kikubaaqudgha
Makhleb
Qazlal
Ru
Sif Muna
Trog
Uskayaw
Xom
Yredelemnul
Zin
The Shining One
Beogh


Innate Abilities, Weirdness & Mutations

You cannot be hasted, slowed, berserked, paralysed or teleported.
You can dig through walls and to a lower floor.
You have a pair of large antennae on your head. (SInv)
Your four strong arms can wield two-handed weapons with a shield.


Message History

You slash the water moccasin! You burn the water moccasin.
The water moccasin is almost dead.
You feel very sick. The water moccasin bites you. The gnoll barely misses you.
You block the water moccasin's attack.
You miss the water moccasin.
The water moccasin is almost dead.
You feel very sick. The water moccasin misses you.
The gnoll hits you from afar with a +1 spear of venom.
* * * LOW HITPOINT WARNING * * *
You are more poisoned.
The water moccasin bites you but does no damage.
You block the gnoll's attack. The gnoll misses you.
You slash the water moccasin! You burn the water moccasin.
You kill the water moccasin!
You slash the gnoll! You burn the gnoll.
You kill the gnoll!
You feel very sick.
The sky beast flickers out of sight for a moment.
The gnoll closely misses you. You block the gnoll's attack.
Your Translocations skill increases to level 4!
You slice the gnoll!! You burn the gnoll.
You kill the gnoll!
You feel very sick. The gnoll barely misses you. The gnoll misses you.
You slice the sky beast!! You burn the sky beast.
You kill the sky beast!
You hear the slow hiss of a distant avalanche of sand.
You feel sick. The gnoll barely misses you.
The gnoll hits you from afar with a +1 spear of venom.
* * * LOW HITPOINT WARNING * * *
You are lethally poisoned!
A gnoll comes into view. It is wielding a +0 whip of draining.
The gnoll barely misses you. The gnoll hits you but does no damage.
You are more poisoned.
* * * LOW HITPOINT WARNING * * *
You feel very sick.
The gnoll shouts!
You die...

#...#....# #...#....
#...... #...#..##
........... ######.....##
#.......... .......$.#..#
#..........
.........##.####..........
.........##g..##..........
.........g)##)...........#
..........go..@.†.........
..........≈###...>........
...............#..<.......
.............###..........
....?.....##.# #§.........
#####.##.##..............
... #.. .............. ##
## #.#...........
#.#.#.........


You could see an orc wizard (invisible) and 3 gnolls.

Vanquished Creatures
  Grinder (Sewer)
  Sigmund (D:3)
  A water moccasin (D:6)
  2 necrophages
  An ice beast (D:6)
  2 sky beasts
  The ghost of Peloso the Skirmisher, an amateur MiFi (D:3)
  2 phantoms
  2 kobold brigands (Sewer)
  A bullfrog (D:6)
  A gnoll sergeant (D:6)
  A water moccasin skeleton (D:5)
  2 howler monkeys
  2 jellies
  A quasit (Sewer)
  A hound (D:5)
  An orc priest (D:5)
  A bullfrog skeleton (D:5)
  A centaur skeleton (D:5)
  Jessica (D:2)
  An orc wizard (D:3)
  A killer bee zombie (D:5)
  9 gnolls
  2 adders
  2 shadow imps (Sewer)
  A white imp (D:5)
  3 ufetubi
  2 worms
  2 dart slugs
  17 orcs
  9 bats
  8 endoplasms
  5 giant cockroaches
  3 goblins
  10 hobgoblins
  8 jackals
  22 kobolds
  5 quokkas
  8 ball pythons
  3 frilled lizards
  5 rats
152 creatures vanquished.

Vanquished Creatures (others)
  2 endoplasms (Sewer)
  A fungus (D:1)
3 creatures vanquished.

Grand Total: 155 creatures vanquished

Notes
Turn   | Place    | Note
-------+----------+-------------------------------------------
     0 | D:1      | Descartes the Formicid Fighter began the quest for the Orb.
     0 | D:1      | Reached XP level 1. HP: 18/18 MP: 1/1
   278 | D:1      | Found a faded altar of an unknown god.
   523 | D:1      | Reached XP level 2. HP: 22/24 MP: 2/2
   931 | D:1      | Reached XP level 3. HP: 29/29 MP: 3/3
  1203 | D:1      | Reached skill level 1 in Polearms
  1205 | D:1      | Reached skill level 1 in Maces & Flails
  1403 | D:2      | Noticed Jessica
  1416 | D:2      | Killed Jessica
  1417 | D:2      | Reached XP level 4. HP: 12/35 MP: 4/4
  2021 | D:2      | Reached XP level 5. HP: 20/41 MP: 5/5
  2450 | D:3      | Identified a scroll of acquirement
  2450 | D:3      | Acquired a manual of Armour
  2476 | D:3      | Found a glowing drain.
  2480 | Sewer    | Entered a sewer
  2683 | Sewer    | Reached skill level 4 in Armour
  2766 | Sewer    | Noticed a kobold brigand
  2775 | Sewer    | Killed a kobold brigand
  2776 | Sewer    | Reached XP level 6. HP: 41/47 MP: 6/6
  2809 | Sewer    | Found a burning altar of Makhleb.
  2840 | Sewer    | Reached skill level 1 in Translocations
  3027 | Sewer    | Noticed Grinder
  3054 | Sewer    | Killed Grinder
  3055 | Sewer    | Reached skill level 5 in Armour
  3055 | Sewer    | Reached skill level 5 in Shields
  3055 | Sewer    | Reached XP level 7. HP: 27/52 MP: 7/7
  3385 | D:3      | Found a glowing golden altar of the Shining One.
  3520 | D:3      | Noticed Sigmund
  3533 | D:3      | Killed Sigmund
  3736 | D:3      | Found a runed translucent gate.
  3736 | D:3      | Found a runed translucent gate.
  3736 | D:3      | Found a runed translucent gate.
  3741 | D:3      | Noticed Peloso's ghost (amateur MiFi)
  3744 | D:3      | Identified the +1 leather armour "Fun Yzxu" {rN++}
  3776 | D:3      | Reached XP level 8. HP: 53/58 MP: 8/8
  3808 | D:3      | Killed Peloso's ghost
  3809 | D:3      | Reached skill level 6 in Armour
  4704 | D:4      | Found a staircase to the Ecumenical Temple.
  4807 | Temple   | Entered the Ecumenical Temple
  5144 | D:5      | Entered Level 5 of the Dungeon
  5186 | D:5      | Found a glowing silver altar of Zin.
  5298 | D:5      | Reached skill level 7 in Armour
  5301 | D:5      | Reached XP level 9. HP: 57/64 MP: 9/9
  5905 | D:6      | Reached skill level 5 in Axes
  5905 | D:6      | Reached skill level 8 in Armour
  5938 | D:6      | Succumbed to a gnoll's poison

Illustrated notes

Levels and vault maps discovered:
D:1:      dpeg_cavernosity, layout_basic, shapermc_ecumenical_altar_pompeii,
          grunt_decor_cap, minmay_surrounded
D:2:      layout_rooms, grunt_decor_junction, uniq_jessica
D:3:      layout_rooms, tso_metal_star, biasface_ghost_orc_armoury,
          gup_sewer_entry_bowl, uniq_sigmund
D:4:      layout_basic, minmay_temple_entry_glassed_door
D:5:      layout_basic, nicolae_overflow_crystal_walls, dk_noncrumbling_3
D:6:      layout_rooms, mainiacjoe_overflow_alcove_1,
          chequers_ossuary_entry_cave, minmay_misc_feat_nine_boxes
Temple:   nicolae_temple_great_sept

Skill      XL: |  1  2  3  4  5  6  7  8  9 |
---------------+----------------------------+-----
Polearms       | 1 2 3 4 |  4.0
Maces & Flails | 1 2 3 |  3.9
Shields        | 4 5 6 7 |  7.3
Armour         | 4 5 7 8 |  8.6
Axes           | 3 4 5 |  5.4
Translocations | 1 2 3 4 |  4.1
Fighting       | |  3.2

Action                   |  1- 3 |  4- 6 |  7- 9 || total
-------------------------+-------+-------+-------++-------
Melee: War axe           |    99 |   148 |    96 ||   343
       Battleaxe         |       |       |    97 ||    97
 Abil: Dig               |       |     3 |       ||     3
  Use: Scroll            |       |     5 |     8 ||    13
       Potion            |       |     1 |     1 ||     2
 Stab: Distracted        |     1 |       |       ||     1
Armor: Chain mail        |    64 |   121 |    72 ||   257
Dodge: Dodged            |    36 |   120 |   110 ||   266
Block: Buckler           |    26 |    42 |    56 ||   124
